 Dungeon Crawl Stone Soup version 0.30-a0-121-gb27577e5d9 (webtiles) character file.

Game seed: 12178219671428803515

8 IdlyInterested the Cudgeller (level 2, -6/22 HPs)
             Began as a Demonspawn Gladiator on Sept 14, 2022.
             Mangled by a gnoll
             ... wielding a +0 flail
              (11 damage)
             ... on level 2 of the Dungeon.
             The game lasted 00:01:26 (844 turns).

IdlyInterested the Cudgeller (Demonspawn Gladiator)  Turns: 844, Time: 00:01:27

Health: -6/22      AC:  4    Str: 14    XL:     2   Next: 0%
Magic:  2/2        EV: 12    Int:  9    God:
Gold:   17         SH:  4    Dex: 14    Spells: 1/1 levels left

rFire   . . .      SeeInvis .    e - +2 whip (venom)
rCold   . . .      Faith    .    (no shield)
rNeg    . . .      Spirit   .    b - +0 leather armour
rPois   .          Reflect  .    c - +0 helmet
rElec   .          Harm     .    (no cloak)
rCorr   .          Rampage  .    (no gloves)
Will    .....                    (no boots)
Stlth   +.........               (no amulet)
HPRegen 0.07/turn                (no ring)
MPRegen 0.08/turn                (no ring)

@: no status effects
A: large bone plates 1
a: no special abilities


You were on level 2 of the Dungeon.
You visited 1 branch of the dungeon, and saw 2 of its levels.

You collected 17 gold pieces.

Inventory:

Hand Weapons
 a - a +0 flail
 e - a +2 whip of venom (weapon)
 h - a +0 whip of electrocution
Missiles
 d - 3 throwing nets (quivered)
Armour
 b - a +0 leather armour (worn)
 c - a +0 helmet (worn)
Scrolls
 g - 2 scrolls of identify {unknown}


   Skills:
 - Level 2.0 Fighting
 * Level 3.0 Maces & Flails
 - Level 1.7 Throwing
 + Level 0.6 Armour
 - Level 2.6 Dodging


You had one spell level left.
You didn't know any spells.
Your spell library contained the following spells:

 Spells                   Type           Power      Damage    Failure   Level
 Arcjolt                  Conj/Air       0%         1d10      100%        5
 Iskenderun's Battlesphe  Conj           0%         2d6       100%        5
 Iron Shot                Conj/Erth      0%         9d1       100%        6
 Spellforged Servitor     Conj/Summ      0%         N/A       100%        7


Dungeon Overview and Level Annotations

Branches:
Dungeon (2/15)

Altars:


Innate Abilities, Weirdness & Mutations

You are partially covered in large bone plates. (SH +4)


Message History

Large bone plates grow over parts of your arms.
Found a leather armour.
You pick up a book of Power and begin reading...
You add the spells Iskenderun's Battlesphere, Arcjolt, Iron Shot and Spellforged Servitor to your library.
You see here a +0 leather armour.
You see here 5 stones.
You open the door.
There is an open door here.
There is a large open door here.
There is a large open door here.
You now have 17 gold pieces (gained 3).
Done exploring.
Done exploring.
There is a stone staircase leading down here.
You climb downwards.
There is a stone staircase leading up here.
The gnoll shouts! x3
There is a stone staircase leading up here.
You barely miss the gnoll. You closely miss the gnoll.
The gnoll barely misses you.
Throw: javelin
Press: ? - help, Shift-Dir - straight line, f - gnoll
Aim: a gnoll, wielding a +0 whip (63% to hit)
You throw a javelin.
The javelin pierces through the gnoll but does no damage.
The javelin pierces through the gnoll.
The gnoll is lightly wounded.
The javelin pierces through the gnoll.
The gnoll is moderately wounded.
The gnoll hits you with a +0 flail! The gnoll hits you with a +0 flail.
You barely miss the gnoll. You block the gnoll's attack.
You hit the gnoll.
The gnoll is poisoned.
The gnoll is lightly wounded.
The gnoll hits you with a +0 flail.
* * * LOW HITPOINT WARNING * * *
You hit the gnoll.
The gnoll is heavily wounded.
The gnoll hits you with a +0 flail!
Ouch! That really hurt!
You die...

..# ..# ..#
#.## .g.#
#g.# #..#
#.#####g(#
#....@gg.#
####.##...#
#.. ....#
.... ....#
###....####
##.#. ###.


You could see 3 gnolls.

Vanquished Creatures
  A ball python (D:1)
  A goblin (D:1)
  2 kobolds (D:1)
  A quokka (D:1)
  2 rats (D:1)
7 creatures vanquished.

Notes
Turn   | Place    | Note
-------+----------+-------------------------------------------
     0 | D:1      | IdlyInterested the Demonspawn Gladiator began the quest for
                  | the Orb.
     0 | D:1      | Reached XP level 1. HP: 16/16 MP: 1/1
   400 | D:1      | Reached skill level 3 in Maces & Flails
   543 | D:1      | Gained mutation: You are partially covered in large bone
                  | plates. (SH +4) [demonic ancestry]
   543 | D:1      | Reached XP level 2. HP: 20/22 MP: 2/2
   844 | D:2      | Mangled by a gnoll

Illustrated notes

Levels and vault maps discovered:
D:1:      dpeg_arrival_simpleton_b, layout_loops_ring, serial_glass,
          glass_columns_c, glass_columns_a
D:2:      layout_loops_corners, minmay_increasing_density, uniq_robin

Skill      XL: |  1 |
---------------+----+-----
Maces & Flails | 3 |  3.0
Fighting       | |  2.0
Throwing       | |  1.7
Armour         | |  0.6
Dodging        | |  2.6

Action                   || total
-------------------------++-------
Melee: Whip              ||    17
       Flail             ||     1
Throw: Javelin           ||     2
Armor: Leather armour    ||     2
Dodge: Dodged            ||     4
Block: Other             ||     1

Table legend: (Time is in decaauts)
 A = Elapsed time spent in this place.
 B = Non-inter-level travel time spent in this place.
 C = Inter-level travel time spent in this place.
 D = Time resting spent in this place.
 E = Time spent auto-exploring this place.
 F = Levels seen in this place.
 G = Mean time per level.
                   A        B        C        D        E       F      G
               +--------+--------+--------+--------+--------+-----+--------+
         Total |    843 |    811 |     32 |    132 |    602 |   2 |  421.5 |
       Dungeon |    843 |    811 |     32 |    132 |    602 |   2 |  421.5 |
               +--------+--------+--------+--------+--------+-----+--------+

Top non-repeatable levels by time:
     D:1: 833 daAuts
     D:2: 9 daAuts
